3107 views
Uploaded 2020-09-24 05:20:14
Game version 1.32.8
12:27 long 4on4 custom game on (8)GolemsInTheMist_LV
Game name "w3c-20-TbXeKOJH6"
Saved by MrLight
3107 views
Uploaded 2020-09-24 05:20:14
Game version 1.32.8
12:27 long 4on4 custom game on (8)GolemsInTheMist_LV
Game name "w3c-20-TbXeKOJH6"


104 units @ 14.2k
/ 1.3k
57 buildings @ 7.5k
/ 2.9k



| Rod of Necromancy | 4 | 600 |
| Sacrificial Skull | 2 | 100 |
| Lesser Clarity Potion | 1 | 70 |
| Orb of Corruption | 1 | 375 |
| Scroll of Town Portal | 1 | 350 |
| total: | 9 | 1495g |
| Acolyte | 2 | 150 | / | 0 |
| Ghoul | 2 | 240 | / | 0 |
| Crypt Fiend | 12 | 2580 | / | 480 |
| Obsidian Statue | 5 | 1000 | / | 175 |
| total: | 21 | 3970g | / | 655w |
| Crypt | 1 | 200 | / | 50 |
| Graveyard | 1 | 215 | / | 0 |
| Altar of Darkness | 1 | 180 | / | 50 |
| Ziggurat | 6 | 900 | / | 300 |
| Tomb of Relics | 1 | 130 | / | 30 |
| Slaughterhouse | 1 | 140 | / | 135 |
| Sacrificial Pit | 1 | 75 | / | 150 |
| Boneyard | 1 | 175 | / | 200 |
| Halls of the Dead | 1 | 320 | / | 210 |
| Black Citadel | 1 | 325 | / | 230 |
| total: | 13 | 2015g | / | 915w |
| 0:03 | Acolyte |
| 0:09 | Crypt |
| 0:13 | Graveyard |
| 0:17 | Acolyte |
| 0:40 | Altar of Darkness |
| 0:56 | Ziggurat |
| 0:59 | Ziggurat |
| 1:10 | Ghoul |
| 1:24 | Tomb of Relics |
| 1:50 | Crypt Fiend |
| 2:13 | Ziggurat |
| 2:29 | Crypt Fiend |
| 2:47 | Rod of Necromancy |
| 2:48 | Sacrificial Skull |
| 2:53 | Death Coil |
| 3:04 | Crypt Fiend |
| 3:25 | Crypt Fiend |
| 3:29 | Backpack |
| 4:03 | Halls of the Dead |
| 4:09 | Rod of Necromancy |
| 4:14 | Unholy Aura |
| 4:39 | Ghoul |
| 4:40 | Ziggurat |
| 5:25 | Crypt Fiend |
| 5:25 | Crypt Fiend |
| 5:40 | Crypt Fiend |
| 6:26 | Slaughterhouse |
| 6:31 | Sacrificial Skull |
| 6:32 | Rod of Necromancy |
| 6:45 | Crypt Fiend |
| 7:11 | Black Citadel |
| 7:26 | Frost Nova |
| 7:32 | Rod of Necromancy |
| 7:46 | Crypt Fiend |
| 7:51 | Obsidian Statue |
| 8:07 | Crypt Fiend |
| 8:22 | Obsidian Statue |
| 8:27 | Lesser Clarity Potion |
| 8:50 | Ziggurat |
| 9:26 | Dark Ritual |
| 9:28 | Death Coil |
| 9:35 | Destroyer Form |
| 9:51 | Crypt Fiend |
| 9:59 | Creature Attack |
| 10:00 | Ziggurat |
| 10:01 | Sacrificial Pit |
| 10:21 | Obsidian Statue |
| 10:21 | Crypt Fiend |
| 10:56 | Frost Nova |
| 11:21 | Impale |
| 11:22 | Orb of Corruption |
| 11:24 | Boneyard |
| 11:24 | Obsidian Statue |
| 12:10 | Scroll of Town Portal |
| 12:16 | Obsidian Statue |
| Select group | 784 |
| Right click | 737 |
| Chat | 453 |
| Select | 411 |
| Misc. action | 97 |
| Build/train/purchase | 80 |
| Assign group | 59 |
| Use ability | 32 |
| Item give/drop | 6 |
| Esc | 2 |

| Lesser Clarity Potion | 1 | 70 |
| Potion of Mana | 2 | 400 |
| Scroll of Regeneration | 1 | 100 |
| Scroll of Town Portal | 1 | 350 |
| total: | 5 | 920g |
| Peasant | 20 | 1500 | / | 0 |
| Footman | 10 | 1350 | / | 0 |
| Priest | 2 | 270 | / | 20 |
| Spell Breaker | 1 | 215 | / | 30 |
| Sorceress | 3 | 465 | / | 60 |
| total: | 36 | 3800g | / | 110w |
| Altar of Kings | 1 | 180 | / | 50 |
| Farm | 6 | 480 | / | 120 |
| Barracks | 1 | 160 | / | 60 |
| Arcane Vault | 1 | 130 | / | 30 |
| Lumber Mill | 1 | 120 | / | 0 |
| Blacksmith | 1 | 140 | / | 60 |
| Arcane Sanctum | 1 | 150 | / | 140 |
| Keep | 1 | 320 | / | 210 |
| total: | 12 | 1360g | / | 460w |
| 0:02 | Peasant |
| 0:02 | Peasant |
| 0:08 | Altar of Kings |
| 0:18 | Farm |
| 0:19 | Peasant |
| 0:33 | Barracks |
| 0:36 | Peasant |
| 0:49 | Farm |
| 1:01 | Peasant |
| 1:18 | Peasant |
| 1:32 | Peasant |
| 1:34 | Footman |
| 1:45 | Arcane Vault |
| 1:50 | Footman |
| 1:55 | Peasant |
| 2:14 | Footman |
| 2:18 | Storm Bolt |
| 2:53 | Footman |
| 3:05 | Farm |
| 3:07 | Keep |
| 3:08 | Thunder Clap |
| 3:43 | Footman |
| 3:59 | Footman |
| 4:07 | Lesser Clarity Potion |
| 4:15 | Footman |
| 4:19 | Lumber Mill |
| 4:53 | Footman |
| 5:14 | Thunder Clap |
| 5:14 | Footman |
| 5:31 | Farm |
| 5:33 | Arcane Sanctum |
| 5:37 | Defend |
| 6:29 | Peasant |
| 6:30 | Peasant |
| 6:30 | Improved Lumber Harvesting |
| 6:31 | Footman |
| 6:37 | Farm |
| 6:37 | Farm |
| 6:52 | Priest |
| 7:30 | Spell Breaker |
| 7:51 | Potion of Mana |
| 7:52 | Potion of Mana |
| 8:00 | Peasant |
| 8:06 | Storm Bolt |
| 8:18 | Peasant |
| 8:40 | Peasant |
| 8:54 | Peasant |
| 8:57 | Scroll of Town Portal |
| 9:01 | Scroll of Regeneration |
| 9:10 | Sorceress |
| 9:38 | Peasant |
| 9:41 | Sorceress |
| 10:00 | Peasant |
| 10:24 | Sorceress |
| 10:26 | Peasant |
| 10:26 | Peasant |
| 11:36 | Peasant |
| 11:37 | Priest |
| 11:40 | Blacksmith |
| 11:54 | Peasant |
| Right click | 432 |
| Select group | 246 |
| Select | 194 |
| Build/train/purchase | 71 |
| Assign group | 55 |
| Misc. action | 14 |
| Use ability | 14 |
| Resource trade | 4 |
| Minimap ping | 2 |
| Item give/drop | 1 |
| Esc | 1 |


| Scroll of Regeneration | 2 | 200 |
| Lesser Clarity Potion | 1 | 70 |
| Scroll of Town Portal | 1 | 350 |
| Boots of Speed | 1 | 250 |
| total: | 5 | 870g |
| Peasant | 14 | 1050 | / | 0 |
| Footman | 16 | 2160 | / | 0 |
| Knight | 3 | 735 | / | 180 |
| Goblin Shredder | 1 | 375 | / | 100 |
| total: | 34 | 4320g | / | 280w |
| Scout Tower | 4 | 120 | / | 80 |
| Arcane Tower | 1 | 70 | / | 50 |
| Guard Tower | 3 | 210 | / | 150 |
| Altar of Kings | 1 | 180 | / | 50 |
| Farm | 8 | 640 | / | 160 |
| Barracks | 3 | 480 | / | 180 |
| Town Hall | 1 | 385 | / | 205 |
| Arcane Vault | 1 | 130 | / | 30 |
| Lumber Mill | 1 | 120 | / | 0 |
| Blacksmith | 1 | 140 | / | 60 |
| Workshop | 2 | 280 | / | 280 |
| Keep | 1 | 320 | / | 210 |
| Castle | 1 | 360 | / | 210 |
| total: | 22 | 2475g | / | 1045w |
| 0:01 | Peasant |
| 0:05 | Peasant |
| 0:07 | Altar of Kings |
| 0:17 | Farm |
| 0:18 | Barracks |
| 0:25 | Peasant |
| 0:39 | Peasant |
| 0:48 | Peasant |
| 0:57 | Farm |
| 1:01 | Peasant |
| 1:19 | Footman |
| 1:25 | Peasant |
| 1:34 | Farm |
| 1:42 | Footman |
| 1:50 | Peasant |
| 2:05 | Flame Strike |
| 2:15 | Peasant |
| 2:18 | Footman |
| 2:29 | Peasant |
| 2:45 | Peasant |
| 2:59 | Peasant |
| 3:11 | Town Hall |
| 3:18 | Siphon Mana |
| 3:24 | Peasant |
| 3:31 | Footman |
| 3:32 | Defend |
| 3:55 | Barracks |
| 4:11 | Arcane Vault |
| 4:30 | Footman |
| 4:49 | Footman |
| 4:57 | Footman |
| 5:01 | Goblin Shredder |
| 5:06 | Footman |
| 5:15 | Peasant |
| 5:16 | Footman |
| 5:23 | Siphon Mana |
| 5:32 | Keep |
| 5:33 | Farm |
| 5:34 | Farm |
| 5:37 | Lumber Mill |
| 5:41 | Farm |
| 5:53 | Boots of Speed |
| 6:00 | Blacksmith |
| 6:08 | Footman |
| 6:27 | Footman |
| 6:28 | Scout Tower |
| 6:30 | Scout Tower |
| 6:53 | Farm |
| 6:53 | Farm |
| 6:57 | Arcane Tower |
| 7:04 | Guard Tower |
| 7:06 | Scout Tower |
| 7:07 | Iron Forged Swords |
| 7:08 | Iron Plating |
| 7:57 | Castle |
| 8:29 | Footman |
| 8:30 | Steel Forged Swords |
| 8:30 | Scout Tower |
| 8:32 | Guard Tower |
| 8:49 | Footman |
| 8:55 | Flame Strike |
| 9:11 | Footman |
| 9:25 | Footman |
| 9:36 | Footman |
| 9:38 | Guard Tower |
| 9:39 | Barracks |
| 9:40 | Workshop |
| 9:41 | Workshop |
| 10:20 | Sundering Blades |
| 10:20 | Animal War Training |
| 10:52 | Knight |
| 10:53 | Steel Plating |
| 11:19 | Storm Bolt |
| 11:43 | Knight |
| 11:48 | Scroll of Town Portal |
| 11:48 | Scroll of Regeneration |
| 11:50 | Lesser Clarity Potion |
| 11:50 | Scroll of Regeneration |
| 12:00 | Flak Cannons |
| 12:23 | Knight |
| Right click | 950 |
| Select group | 654 |
| Select | 291 |
| Assign group | 125 |
| Build/train/purchase | 92 |
| Misc. action | 83 |
| Resource trade | 36 |
| Use ability | 20 |
| Minimap ping | 7 |
| Esc | 4 |
| Item give/drop | 1 |


| Rod of Necromancy | 3 | 450 |
| Sacrificial Skull | 2 | 100 |
| Orb of Corruption | 1 | 375 |
| Scroll of Town Portal | 1 | 350 |
| total: | 7 | 1275g |
| Acolyte | 3 | 225 | / | 0 |
| Ghoul | 2 | 240 | / | 0 |
| Crypt Fiend | 4 | 860 | / | 160 |
| Obsidian Statue | 4 | 800 | / | 140 |
| total: | 13 | 2125g | / | 300w |
| Nerubian Tower | 1 | 100 | / | 20 |
| Altar of Darkness | 1 | 180 | / | 50 |
| Crypt | 1 | 200 | / | 50 |
| Ziggurat | 5 | 750 | / | 250 |
| Tomb of Relics | 1 | 130 | / | 30 |
| Graveyard | 1 | 215 | / | 0 |
| Slaughterhouse | 1 | 140 | / | 135 |
| Halls of the Dead | 1 | 320 | / | 210 |
| Black Citadel | 1 | 325 | / | 230 |
| total: | 10 | 1615g | / | 515w |
| 0:03 | Acolyte |
| 0:11 | Altar of Darkness |
| 0:15 | Crypt |
| 0:26 | Ziggurat |
| 0:40 | Acolyte |
| 0:55 | Tomb of Relics |
| 1:15 | Graveyard |
| 1:29 | Ghoul |
| 1:48 | Ziggurat |
| 2:09 | Ghoul |
| 2:17 | Rod of Necromancy |
| 2:19 | Death Coil |
| 2:41 | Crypt Fiend |
| 3:01 | Crypt Fiend |
| 3:15 | Sacrificial Skull |
| 3:15 | Sacrificial Skull |
| 3:31 | Crypt Fiend |
| 3:59 | Halls of the Dead |
| 4:29 | Crypt Fiend |
| 4:34 | Unholy Aura |
| 4:56 | Ziggurat |
| 4:58 | Ziggurat |
| 6:26 | Black Citadel |
| 6:29 | Slaughterhouse |
| 7:33 | Death Coil |
| 7:48 | Rod of Necromancy |
| 8:07 | Obsidian Statue |
| 8:07 | Obsidian Statue |
| 8:10 | Frost Nova |
| 8:51 | Destroyer Form |
| 8:54 | Creature Attack |
| 8:55 | Creature Carapace |
| 9:39 | Burrow |
| 9:40 | Web |
| 10:05 | Nerubian Tower |
| 10:10 | Obsidian Statue |
| 10:22 | Scroll of Town Portal |
| 10:23 | Orb of Corruption |
| 10:31 | Rod of Necromancy |
| 11:30 | Frost Armor |
| 11:41 | Obsidian Statue |
| 11:43 | Ziggurat |
| 11:45 | Acolyte |
| Select group | 893 |
| Right click | 536 |
| Select | 146 |
| Misc. action | 110 |
| Assign group | 52 |
| Build/train/purchase | 45 |
| Use ability | 37 |
| Minimap ping | 10 |
| Chat | 7 |
| Resource trade | 5 |
| Item give/drop | 4 |
| Esc | 3 |
114 units @ 16k
/ 2k
62 buildings @ 9.1k
/ 3.2k

| Healing Salve | 3 | 300 |
| Scroll of Speed | 2 | 100 |
| Lesser Clarity Potion | 5 | 350 |
| Scroll of Town Portal | 2 | 700 |
| total: | 12 | 1450g |
| Peon | 9 | 675 | / | 0 |
| Troll Headhunter | 11 | 1540 | / | 220 |
| Tauren | 4 | 1120 | / | 320 |
| Troll Berserker | 6 | 840 | / | 120 |
| Spirit Walker | 1 | 195 | / | 35 |
| total: | 31 | 4370g | / | 695w |
| Altar of Storms | 2 | 360 | / | 100 |
| Orc Burrow | 5 | 800 | / | 200 |
| War Mill | 1 | 205 | / | 0 |
| Barracks | 1 | 180 | / | 50 |
| Voodoo Lounge | 1 | 130 | / | 30 |
| Tauren Totem | 1 | 135 | / | 155 |
| Stronghold | 1 | 315 | / | 190 |
| Fortress | 1 | 325 | / | 190 |
| total: | 11 | 1810g | / | 535w |
| 0:03 | Altar of Storms |
| 0:03 | Peon |
| 0:07 | Altar of Storms |
| 0:13 | Peon |
| 0:20 | Orc Burrow |
| 0:32 | Peon |
| 0:44 | Peon |
| 0:51 | War Mill |
| 0:57 | Peon |
| 1:13 | Barracks |
| 1:21 | Peon |
| 1:27 | Peon |
| 1:35 | Peon |
| 1:48 | Orc Burrow |
| 2:11 | Peon |
| 2:15 | Feral Spirit |
| 2:18 | Troll Headhunter |
| 2:41 | Stronghold |
| 2:50 | Troll Headhunter |
| 3:07 | Troll Headhunter |
| 3:23 | Orc Burrow |
| 3:32 | Troll Headhunter |
| 3:48 | Troll Headhunter |
| 4:02 | Voodoo Lounge |
| 4:12 | Troll Headhunter |
| 4:15 | Chain Lighting |
| 4:36 | Troll Headhunter |
| 5:05 | Fortress |
| 5:09 | Tauren Totem |
| 5:22 | Healing Salve |
| 5:22 | Scroll of Speed |
| 5:26 | Lesser Clarity Potion |
| 5:28 | Lesser Clarity Potion |
| 5:40 | Troll Headhunter |
| 6:18 | Orc Burrow |
| 6:26 | Troll Headhunter |
| 6:41 | Feral Spirit |
| 7:19 | Troll Headhunter |
| 7:29 | Berserker Upgrade |
| 7:31 | Tauren |
| 7:32 | Reinforced Defenses |
| 7:33 | Pulverize |
| 8:03 | Troll Headhunter |
| 8:16 | Troll Berserker |
| 8:18 | Tauren |
| 8:28 | Healing Salve |
| 8:37 | Chain Lighting |
| 8:43 | Scroll of Town Portal |
| 8:44 | Scroll of Speed |
| 8:44 | Lesser Clarity Potion |
| 8:50 | Troll Berserker |
| 9:05 | Steel Armor |
| 9:32 | Tauren |
| 9:58 | Orc Burrow |
| 11:06 | Troll Berserker |
| 11:07 | Troll Berserker |
| 11:36 | Troll Berserker |
| 11:38 | Spirit Walker |
| 11:39 | Tauren |
| 11:42 | Scroll of Town Portal |
| 11:42 | Lesser Clarity Potion |
| 11:57 | Healing Salve |
| 11:57 | Lesser Clarity Potion |
| 12:13 | Troll Berserker |
| Right click | 836 |
| Select group | 507 |
| Select | 213 |
| Build/train/purchase | 88 |
| Assign group | 25 |
| Misc. action | 17 |
| Use ability | 14 |
| Chat | 10 |
| Esc | 3 |
| Item give/drop | 2 |


| Scroll of Regeneration | 3 | 300 |
| Lesser Clarity Potion | 3 | 210 |
| Scroll of Town Portal | 1 | 350 |
| total: | 7 | 860g |
| Peasant | 8 | 600 | / | 0 |
| Rifleman | 11 | 2255 | / | 330 |
| Priest | 3 | 405 | / | 30 |
| total: | 22 | 3260g | / | 360w |
| Scout Tower | 2 | 60 | / | 40 |
| Arcane Tower | 1 | 70 | / | 50 |
| Guard Tower | 1 | 70 | / | 50 |
| Farm | 8 | 640 | / | 160 |
| Altar of Kings | 1 | 180 | / | 50 |
| Blacksmith | 2 | 280 | / | 120 |
| Barracks | 1 | 160 | / | 60 |
| Arcane Vault | 1 | 130 | / | 30 |
| Lumber Mill | 1 | 120 | / | 0 |
| Arcane Sanctum | 1 | 150 | / | 140 |
| Workshop | 1 | 140 | / | 140 |
| Keep | 1 | 320 | / | 210 |
| total: | 18 | 1860g | / | 740w |
| 0:01 | Peasant |
| 0:07 | Farm |
| 0:15 | Peasant |
| 0:25 | Peasant |
| 0:36 | Peasant |
| 0:39 | Altar of Kings |
| 0:56 | Blacksmith |
| 1:01 | Peasant |
| 1:02 | Blacksmith |
| 1:04 | Barracks |
| 1:17 | Farm |
| 1:19 | Peasant |
| 1:28 | Peasant |
| 1:39 | Peasant |
| 2:11 | Rifleman |
| 2:18 | Farm |
| 2:21 | Scout Tower |
| 2:35 | Rifleman |
| 2:43 | Holy Light |
| 2:48 | Arcane Tower |
| 2:58 | Rifleman |
| 3:22 | Farm |
| 3:27 | Rifleman |
| 3:54 | Rifleman |
| 4:11 | Devotion Aura |
| 4:21 | Rifleman |
| 4:57 | Keep |
| 5:00 | Arcane Vault |
| 5:07 | Farm |
| 6:23 | Black Gunpowder |
| 6:24 | Rifleman |
| 6:27 | Farm |
| 6:28 | Scroll of Regeneration |
| 6:29 | Lesser Clarity Potion |
| 6:31 | Scroll of Regeneration |
| 6:37 | Lumber Mill |
| 6:51 | Rifleman |
| 7:38 | Arcane Sanctum |
| 8:13 | Rifleman |
| 8:43 | Scroll of Regeneration |
| 8:43 | Lesser Clarity Potion |
| 9:05 | Rifleman |
| 9:11 | Holy Light |
| 9:27 | Rifleman |
| 9:40 | Priest |
| 9:43 | Lesser Clarity Potion |
| 10:05 | Siphon Mana |
| 10:26 | Priest |
| 10:27 | Priest |
| 10:28 | Refined Gunpowder |
| 10:47 | Scout Tower |
| 10:48 | Workshop |
| 11:04 | Farm |
| 11:05 | Farm |
| 11:27 | Guard Tower |
| 11:41 | Priest Adept Training |
| 11:50 | Scroll of Town Portal |
| Right click | 973 |
| Select group | 537 |
| Select | 419 |
| Chat | 301 |
| Build/train/purchase | 58 |
| Misc. action | 47 |
| Assign group | 31 |
| Use ability | 23 |
| Resource trade | 9 |
| Minimap ping | 3 |
| Esc | 1 |

| Staff of Preservation | 1 | 150 |
| Moonstone | 2 | 100 |
| Potion of Mana | 2 | 400 |
| Lesser Clarity Potion | 1 | 70 |
| Scroll of Town Portal | 2 | 700 |
| total: | 8 | 1420g |
| Wisp | 15 | 900 | / | 0 |
| Huntress | 11 | 2145 | / | 220 |
| Goblin Shredder | 1 | 375 | / | 100 |
| total: | 27 | 3420g | / | 320w |
| Tree of Life | 2 | 680 | / | 370 |
| Moon Well | 5 | 900 | / | 200 |
| Altar of Elders | 1 | 180 | / | 50 |
| Hunter's Hall | 1 | 210 | / | 100 |
| Ancient of War | 3 | 450 | / | 180 |
| Ancient of Wonders | 1 | 90 | / | 30 |
| Tree of Ages | 1 | 320 | / | 180 |
| total: | 13 | 2510g | / | 930w |
| 0:02 | Wisp |
| 0:02 | Wisp |
| 0:03 | Wisp |
| 0:27 | Wisp |
| 0:35 | Tree of Life |
| 0:38 | Wisp |
| 1:00 | Moon Well |
| 1:04 | Wisp |
| 1:27 | Altar of Elders |
| 1:53 | Wisp |
| 1:53 | Wisp |
| 1:58 | Wisp |
| 2:07 | Wisp |
| 2:25 | Wisp |
| 2:35 | Wisp |
| 2:40 | Hunter's Hall |
| 2:43 | Ancient of War |
| 3:01 | Ancient of War |
| 3:11 | Ancient of War |
| 3:25 | Wisp |
| 3:28 | Wisp |
| 3:33 | Moon Well |
| 3:36 | Force of Nature |
| 4:00 | Wisp |
| 4:29 | Tree of Ages |
| 4:49 | Huntress |
| 5:27 | Goblin Shredder |
| 5:36 | Strength of the Moon |
| 5:43 | Entangling Roots |
| 5:55 | Moon Well |
| 6:22 | Huntress |
| 7:09 | Moon Glaive |
| 7:09 | Huntress |
| 7:13 | Moon Well |
| 7:13 | Moon Well |
| 7:44 | Huntress |
| 8:03 | Huntress |
| 8:08 | Ancient of Wonders |
| 8:25 | Force of Nature |
| 8:25 | Entangling Roots |
| 8:39 | Huntress |
| 8:52 | Tree of Life |
| 8:57 | Huntress |
| 9:01 | Improved Strength of the Moon |
| 9:23 | Scroll of Town Portal |
| 9:25 | Staff of Preservation |
| 9:28 | Moonstone |
| 9:32 | Potion of Mana |
| 9:46 | Huntress |
| 9:49 | Moon Armor |
| 10:08 | Huntress |
| 11:16 | Huntress |
| 11:19 | Moonstone |
| 11:21 | Lesser Clarity Potion |
| 11:33 | Scroll of Town Portal |
| 11:38 | Potion of Mana |
| 11:43 | Huntress |
| Right click | 524 |
| Select group | 450 |
| Select | 214 |
| Assign group | 88 |
| Build/train/purchase | 51 |
| Misc. action | 29 |
| Use ability | 26 |
| Minimap ping | 2 |
| Esc | 1 |


| Scroll of Regeneration | 1 | 100 |
| Lesser Clarity Potion | 1 | 70 |
| Boots of Speed | 1 | 250 |
| Staff of Teleportation | 1 | 150 |
| total: | 4 | 570g |
| Peasant | 17 | 1275 | / | 0 |
| Rifleman | 15 | 3075 | / | 450 |
| Goblin Shredder | 1 | 375 | / | 100 |
| Goblin Zeppelin | 1 | 240 | / | 60 |
| total: | 34 | 4965g | / | 610w |
| Altar of Kings | 3 | 540 | / | 150 |
| Farm | 8 | 640 | / | 160 |
| Town Hall | 2 | 770 | / | 410 |
| Blacksmith | 2 | 280 | / | 120 |
| Barracks | 3 | 480 | / | 180 |
| Lumber Mill | 2 | 240 | / | 0 |
| Keep | 1 | 320 | / | 210 |
| total: | 20 | 2950g | / | 1020w |
| 0:01 | Peasant |
| 0:03 | Altar of Kings |
| 0:04 | Altar of Kings |
| 0:05 | Altar of Kings |
| 0:06 | Farm |
| 0:13 | Peasant |
| 0:22 | Peasant |
| 0:31 | Peasant |
| 0:49 | Peasant |
| 1:01 | Farm |
| 1:02 | Peasant |
| 1:08 | Peasant |
| 1:20 | Peasant |
| 1:35 | Peasant |
| 1:42 | Flame Strike |
| 1:47 | Peasant |
| 1:54 | Peasant |
| 2:12 | Peasant |
| 2:14 | Peasant |
| 2:14 | Peasant |
| 2:33 | Peasant |
| 2:53 | Town Hall |
| 2:55 | Siphon Mana |
| 3:02 | Blacksmith |
| 3:03 | Blacksmith |
| 3:08 | Barracks |
| 3:10 | Barracks |
| 3:23 | Barracks |
| 3:42 | Peasant |
| 3:48 | Farm |
| 3:49 | Farm |
| 4:05 | Peasant |
| 4:07 | Lumber Mill |
| 4:17 | Rifleman |
| 4:24 | Boots of Speed |
| 4:32 | Rifleman |
| 4:32 | Rifleman |
| 4:32 | Rifleman |
| 4:42 | Rifleman |
| 4:55 | Rifleman |
| 5:03 | Siphon Mana |
| 5:09 | Rifleman |
| 5:23 | Rifleman |
| 5:46 | Keep |
| 5:55 | Lumber Mill |
| 5:57 | Farm |
| 6:24 | Farm |
| 6:25 | Farm |
| 6:39 | Rifleman |
| 6:54 | Goblin Shredder |
| 7:02 | Farm |
| 7:13 | Rifleman |
| 7:23 | Rifleman |
| 7:40 | Rifleman |
| 7:47 | Goblin Zeppelin |
| 8:09 | Long Rifles |
| 8:32 | Improved Masonry |
| 8:38 | Rifleman |
| 8:54 | Rifleman |
| 9:22 | Rifleman |
| 9:51 | Scroll of Regeneration |
| 9:51 | Lesser Clarity Potion |
| 10:57 | Town Hall |
| 11:32 | Staff of Teleportation |
| 11:36 | Storm Bolt |
| Right click | 877 |
| Select | 529 |
| Select group | 448 |
| Assign group | 117 |
| Chat | 90 |
| Build/train/purchase | 67 |
| Use ability | 41 |
| Misc. action | 35 |
| Minimap ping | 10 |
| Item give/drop | 5 |
| Esc | 3 |
⇛